 Dungeon Crawl Stone Soup version 0.29.0-13-gc9e81de378 (webtiles) character file.

Game seed: 5102878638832858949

39 xian the Firebug (level 3, 0/24 HPs)
             Began as a Demonspawn Fire Elementalist on Sept 10, 2022.
             Slain by Sigmund
             ... wielding a +0 scythe
              (8 damage)
             ... on level 2 of the Dungeon.
             The game lasted 00:03:20 (1838 turns).

xian the Firebug (Demonspawn Fire Elementalist)     Turns: 1838, Time: 00:03:20

Health: 0/24       AC:  3    Str:  8    XL:     3   Next: 28%
Magic:  1/7        EV: 12    Int: 18    God:
Gold:   133        SH:  0    Dex: 13    Spells: 4/7 levels left

rFire   . . .      SeeInvis .   k - +3 short sword
rCold   . . .      Faith    .   (no shield)
rNeg    . . .      Spirit   .   a - +0 robe
rPois   .          Reflect  .   j - +0 helmet
rElec   .          Harm     .   (no cloak)
rCorr   .          Rampage  .   (no gloves)
Will    +....                   (no boots)
Stlth   +.........              (no amulet)
HPRegen 0.08/turn               (no ring)
MPRegen 0.10/turn               (no ring)

@: confused
A: powered by death 1, sturdy frame 1, high MP 1, strong-willed 1
a: no special abilities


You were on level 2 of the Dungeon.
You visited 1 branch of the dungeon, and saw 2 of its levels.

You collected 133 gold pieces.

Inventory:

Hand Weapons
 k - a +3 short sword (weapon)
Missiles
 d - 3 throwing nets
 g - 3 silver javelins
Armour
 a - a +0 robe (worn)
 j - a +0 helmet (worn)
Scrolls
 c - 3 scrolls of identify {unknown}
 i - a scroll of magic mapping {unknown}
Potions
 b - a potion of magic
 e - a potion of mutation
 f - a potion of lignification {unknown}
 h - a potion of attraction {unknown}


   Skills:
 + Level 1.9 Dodging
 + Level 2.2 Stealth
 + Level 0.1 Unarmed Combat
 + Level 2.5 Spellcasting
 + Level 1.3 Conjurations
 + Level 3.1 Fire Magic


You had 4 spell levels left.
You knew the following spells:

 Your Spells              Type           Power      Damage    Failure   Level
a - Foxfire               Conj/Fire      40%        2x1d6     7%          1
b - Scorch                Fire           26%        2d6       7%          2

Your spell library contained the following spells:

 Spells                   Type           Power      Damage    Failure   Level
 Conjure Flame            Conj/Fire      10%        6-21      21%         3
 Inner Flame              Hex/Fire       7%         N/A       26%         3
 Ozocubu's Armour         Ice            2%         N/A       45%         3
 Flame Wave               Conj/Fire      10%        2d6       56%         4
 Ozocubu's Refrigeration  Ice            1%         4d7       100%        7


Dungeon Overview and Level Annotations

Branches:
Dungeon (2/15)

Altars:

Annotations:
D:2 Sigmund


Innate Abilities, Weirdness & Mutations

You regenerate a little health from kills.
Your movements are slightly less encumbered by armour. (ER -2)
You have an increased reservoir of magic. (+10% MP)
You are strong-willed. (Will+)


Message History

Sigmund is moderately wounded.
The foxfire hits the bat.
You kill the bat!
Sigmund casts a spell.
Sigmund flickers and vanishes!
Deactivating autopickup; reactivate with Ctrl-A.
The foxfire hits something.
Something hits you.
You conjure some foxfire!
You hear some strange, mumbled words.
Something tries to affect you, but you resist.
You are out of magic!
The foxfire hits something. x2
The foxfire hits something but does no damage.
Something hits you.
You miss something. You barely miss something. Something hits you.
Your magical contamination has completely faded away.
Something hits you but does no damage. Something hits you.
* * * LOW HITPOINT WARNING * * *
You see here a +0 robe.
You are too injured to fight recklessly!
You are too injured to fight recklessly!
You are too injured to fight recklessly!
Casting: Foxfire (safe; 7% risk of failure)
Confirm with . or Enter, or press ? or * to list all spells.
You conjure some foxfire!
Something barely misses you.
Unknown command.
Your foxfire dissipates!
The foxfire hits something.
You hear some strange, mumbled words.
You are confused.
You see here a rat corpse.
You bump into the rock wall.
It was a potion of mutation.
You feel extremely strange.
You feel strong-willed.
You feel more energetic. Something hits you.
You bump into the rock wall.
You bump into the rock wall.
Something hits you!
You die...

.##...........#
.##..####.#####
.##.#.###.##
.†.###.#...############
....#†##...v...<.......
####.###..>############
###### #.# ##### #.....
####.# ##############.#
.....# #.@†{.......[..#
.###.########
#.############.#
............# #.# #.#
..♣♣♣♣..#.#.# #.# #.. .
♣♣.#.#.###.# #.##
♣...#.....# #.#
♣.######### #.# ♣.# #.#
♣.# #..


There were no monsters in sight!

Vanquished Creatures
  An adder (D:2)
  6 ball pythons
  An endoplasm (D:2)
  A giant cockroach (D:2)
  3 goblins
  4 hobgoblins
  A quokka (D:1)
  4 bats
  A frilled lizard (D:2)
  2 kobolds
  2 rats (D:2)
26 creatures vanquished.

Vanquished Creatures (others)
  98 foxfires
98 creatures vanquished.

Grand Total: 124 creatures vanquished

Notes
Turn   | Place    | Note
-------+----------+-------------------------------------------
     0 | D:1      | xian the Demonspawn Fire Elementalist began the quest for
                  | the Orb.
     0 | D:1      | Reached XP level 1. HP: 13/13 MP: 3/3
   325 | D:1      | Reached skill level 3 in Fire Magic
   618 | D:1      | Gained mutation: You regenerate a little health from kills.
                  | [demonic ancestry]
   618 | D:1      | Reached XP level 2. HP: 17/19 MP: 0/5
  1643 | D:2      | Gained mutation: Your movements are slightly less
                  | encumbered by armour. (ER -2) [demonic ancestry]
  1643 | D:2      | Reached XP level 3. HP: 18/24 MP: 6/6
  1646 | D:2      | Learned a level 2 spell: Scorch
  1809 | D:2      | Noticed Sigmund
  1836 | D:2      | Gained mutation: You are strong-willed. (Will+) [potion of
                  | mutation]
  1836 | D:2      | Gained mutation: You have an increased reservoir of magic.
                  | (+10% MP) [potion of mutation]
  1838 | D:2      | Slain by Sigmund

Illustrated notes

Levels and vault maps discovered:
D:1:      ebering_hopf_link, layout_loops_ring
D:2:      layout_loops_ring, nrook_campfire, uniq_sigmund

Skill      XL: |  1  2 |
---------------+-------+-----
Fire Magic     | 3 |  3.1
Stealth        | 2 |  2.2
Dodging        | |  1.9
Unarmed Combat | |  0.1
Spellcasting   | |  2.5
Conjurations   | |  1.3

Action                   || total
-------------------------++-------
Melee: Unarmed           ||     3
       Dagger            ||     4
       Short sword       ||     5
 Cast: Foxfire           ||    63
       Scorch            ||     1
  Use: Potion            ||     1
 Stab: Sleeping          ||     2
Armor: Robe              ||     6
Dodge: Dodged            ||    19
